 Dungeon Crawl Stone Soup version 0.27-a0-1191-g601b473118 (webtiles) character file.

Game seed: 14201871247942935785

2296 HoaS the Spear-Bearer (level 9, -2/50 HPs)
             Began as a Tengu Berserker on May 23, 2021.
             Was a Priest of Trog.
             Slain by a wyvern (6 damage)
             ... on level 8 of the Dungeon.
             The game lasted 00:15:21 (7328 turns).

HoaS the Spear-Bearer (Tengu Berserker)             Turns: 7328, Time: 00:15:21

Health: -2/50      AC: 12    Str: 21    XL:     9   Next: 40%
Magic:  10/10      EV:  8    Int:  7    God:    Trog [***...]
Gold:   439        SH:  0    Dex: 14    Spells: 8/8 levels left

rFire    . . .     SeeInvis .   p - +0 halberd
rCold    . . .     Faith    .   (shield currently unavailable)
rNeg     . . .     Spirit   .   n - +0 plate armour
rPois    .         Reflect  .   l - +2 hat
rElec    .         Harm     .   (no cloak)
rCorr    +         Rampage  .   (no gloves)
Will     .....                  (boots unavailable)
Stlth    ..........             (no amulet)
HPRegen  0.16/turn              a - ring of resist corrosion
MPRegen  0.12/turn              (no ring)

@: flying quickly and evasively, quick
A: beak, talons 3, nimble flight
a: Renounce Religion, Berserk, Trog's Hand


You were on level 8 of the Dungeon.
You worshipped Trog.
Trog was most pleased with you.
You visited 1 branch of the dungeon, and saw 8 of its levels.

You collected 439 gold pieces.

Inventory:

Hand Weapons
 p - a +0 halberd (weapon)
Armour
 l - a +2 hat (worn)
 n - a +0 plate armour (worn)
Jewellery
 a - a ring of resist corrosion (left hand)
Wands
 m - a wand of flame (20) (quivered)
Scrolls
 d - 2 scrolls of magic mapping
 h - a scroll of teleportation
Potions
 b - a potion of attraction
 c - a potion of cancellation
 e - a potion of berserk rage
 f - 2 potions of might
 g - 2 potions of curing {unknown}
 i - a potion of heal wounds {unknown}
 j - a potion of experience {unknown}
 k - a potion of magic {unknown}


   Skills:
 - Level 3.0 Fighting
 + Level 13.3 Polearms
 - Level 2.1 Armour
 - Level 2.1 Dodging


You had 8 spell levels left.
You didn't know any spells.
Your spell library was empty.

Dungeon Overview and Level Annotations

Branches:
Dungeon (8/15)             Temple (0/1) D:4
   Lair: D:8-11

Altars:
Ashenzari
Elyvilon
Qazlal
Wu Jian

Shops:
D:2 [   D:5 !


Innate Abilities, Weirdness & Mutations

You have a beak for a mouth.
You have claws for feet.
Your magical nature lets you fly swiftly and evasively.


Message History

Done exploring.
Done exploring.
Done exploring.
(D) Dungeon (T) Temple
Where to? (Enter - D:7, ? - help)
There is a stone staircase leading down here.
You fly downwards.
Found a bubbling green potion and a short sword.
There is a stone staircase leading up here.
Found a stone staircase leading up.
g - 2 bubbling green potions (gained 1)
A wyvern comes into view.
The wyvern hisses angrily.
Found a short bronze wand.
Found a paperback book and a rapier.
You closely miss the wyvern. You claw the wyvern, but do no damage.
You peck the wyvern, but do no damage. The wyvern bites you.
You completely miss the wyvern. The wyvern bites you.
The wyvern completely misses you.
You slash the wyvern!
The wyvern is heavily wounded.
The wyvern barely misses you.
You hit the wyvern. Your kick misses the wyvern.
You peck the wyvern, but do no damage.
The wyvern is heavily wounded.
The wyvern bites you.
You barely miss the wyvern. You claw the wyvern. Your peck misses the wyvern.
The wyvern is severely wounded.
The wyvern bites you!
You barely miss the wyvern. Your kick misses the wyvern.
The wyvern is severely wounded.
The wyvern bites you! The wyvern barely misses you.
You closely miss the wyvern. You claw the wyvern, but do no damage.
The wyvern is severely wounded.
The wyvern bites you!
* * * LOW HITPOINT WARNING * * *
You completely miss the wyvern. Your peck misses the wyvern.
The wyvern is severely wounded.
The wyvern bites you.
You die...

).. #/.#
#..#######.
#..........
#....<.....
#..........
#.........:
#.!@l......
#####.####.###
##.###.####
#......)..#
#<........#
#.........#
##.......##
######..# (...


You could see a wyvern.

Vanquished Creatures
  4 centaur zombies
  Duvessa (D:6)
  2 water moccasins (D:5)
  A sky beast (D:7)
  A black bear (D:6)
  3 ogres
  A gnoll sergeant (D:7)
  5 scorpions
  A wyvern skeleton (D:7)
  Dowan (D:7)
  2 bullfrog zombies
  2 bullfrog skeletons
  A hound (D:5)
  A gnoll shaman (D:6)
  4 iguanas
  2 orc wizards (D:7)
  9 gnolls
  8 adders
  2 white imps (D:7)
  An ufetubus (D:5)
  An adder skeleton (D:4)
  4 worms
  21 orcs
  7 bats
  6 endoplasms
  3 giant cockroaches
  11 goblins
  7 hobgoblins
  7 jackals
  8 quokkas
  7 ball pythons
  2 frilled lizards
  5 kobolds
  7 rats
148 creatures vanquished.

Notes
Turn   | Place    | Note
-------+----------+-------------------------------------------
     0 | D:1      | HoaS the Tengu Berserker began the quest for the Orb.
     0 | D:1      | Reached XP level 1. HP: 14/14 MP: 2/2
    98 | D:1      | Reached XP level 2. HP: 14/19 MP: 3/3
   210 | D:1      | Reached skill level 4 in Polearms
   214 | D:1      | Found a faded altar of an unknown god.
   705 | D:1      | Reached XP level 3. HP: 23/23 MP: 4/4
   811 | D:2      | You fall into a shaft and drop 2 floors!
   817 | D:4      | Reached ** piety under Trog
   860 | D:4      | Found a staircase to the Ecumenical Temple.
   980 | D:2      | Reached skill level 5 in Polearms
  1123 | D:2      | Reached XP level 4. HP: 28/28 MP: 5/5
  1302 | D:2      | Found Rish's Armour Emporium.
  1658 | D:3      | Found a stormy altar of Qazlal.
  1658 | D:3      | Found an ornate altar of the Wu Jian Council.
  1658 | D:3      | Found a white marble altar of Elyvilon.
  1874 | D:3      | Found a broken altar of Ashenzari.
  2130 | D:3      | Reached skill level 6 in Polearms
  2350 | D:3      | Gained mutation: Your magical nature lets you fly swiftly
                  | and evasively. [Tengu growth]
  2350 | D:3      | Reached XP level 5. HP: 12/32 MP: 6/6
  3339 | D:4      | Reached *** piety under Trog
  3695 | D:5      | Entered Level 5 of the Dungeon
  3701 | D:5      | Reached skill level 7 in Polearms
  3713 | D:5      | Reached XP level 6. HP: 4/37 MP: 7/7
  3964 | D:5      | Noticed a water moccasin
  3972 | D:5      | Killed a water moccasin
  3973 | D:5      | Reached skill level 8 in Polearms
  4126 | D:5      | Found Ochen's Distillery.
  4216 | D:5      | Reached XP level 7. HP: 39/41 MP: 8/8
  4493 | D:5      | Reached skill level 10 in Polearms
  4520 | D:5      | Reached XP level 8. HP: 45/46 MP: 9/9
  4780 | D:6      | Reached skill level 11 in Polearms
  5714 | D:6      | Reached skill level 12 in Polearms
  5924 | D:6      | Reached XP level 9. HP: 46/50 MP: 10/10
  6564 | D:7      | Noticed Dowan
  6592 | D:7      | Killed Dowan
  6751 | D:7      | Reached skill level 13 in Polearms
  6795 | D:7      | Noticed Duvessa
  6817 | D:6      | Killed Duvessa
  7328 | D:8      | Slain by a wyvern

Illustrated notes

Levels and vault maps discovered:
D:1:      psy_arrival_statuary, layout_loops_ring, ebering_ecumenical_altar_hall
D:2:      layout_rooms, serial_shops, nicolae_shop_window_shopping,
          hangedman_decor_opposing
D:3:      minmay_chambers_of_twos, layout_loops_ring,
          ashenzari_conservatory_becter,
          chequers_temple_overflow_statue_of_worship
D:4:      layout_rooms, minmay_temple_entry_purple_smoke, st_stairs_2,
          minmay_fractal_squares_gapless_5
D:5:      layout_cave_pools, serial_shops, nicolae_shop_statue_plus,
          minivault_23, grunt_ministairs_12
D:6:      layout_layer_cave
D:7:      layout_cave_pools, uniq_duvessa
D:8:      hangedman_cross_veins, layout_gridville,
          grunt_temple_overflow_lords_of_destruction, uniq_pikel

Skill      XL: |  1  2  3  4  5  6  7  8  9 |
---------------+----------------------------+-----
Polearms       | 4 5 6 7 8 10 12 13 | 13.3
Fighting       | |  3.0
Armour         | |  2.1
Dodging        | |  2.1

Action                   |  1- 3 |  4- 6 |  7- 9 || total
-------------------------+-------+-------+-------++-------
Melee: Spear             |    80 |    19 |       ||    99
       Kick              |    21 |    22 |    53 ||    96
       Peck              |     3 |    19 |    31 ||    53
       Trident           |       |   117 |    70 ||   187
       Halberd           |       |       |   113 ||   113
Invok: Trog's Hand       |       |     2 |     2 ||     4
       Berserk           |       |     1 |     1 ||     2
Evoke: Wand              |       |       |     6 ||     6
  Use: Scroll            |     2 |     6 |     7 ||    15
 Stab: Sleeping          |     2 |     1 |       ||     3
Armor: Animal skin       |     3 |     4 |       ||     7
       Scale mail        |       |     4 |    13 ||    17
       Plate armour      |       |       |    75 ||    75
Dodge: Dodged            |    32 |    42 |    69 ||   143

Table legend: (Time is in decaauts)
 A = Elapsed time spent in this place.
 B = Non-inter-level travel time spent in this place.
 C = Inter-level travel time spent in this place.
 D = Time resting spent in this place.
 E = Time spent auto-exploring this place.
 F = Levels seen in this place.
 G = Mean time per level.
                   A        B        C        D        E       F      G
               +--------+--------+--------+--------+--------+-----+--------+
         Total |   7024 |   6755 |    269 |   2494 |   3344 |   8 |  878.0 |
       Dungeon |   7024 |   6755 |    269 |   2494 |   3344 |   8 |  878.0 |
               +--------+--------+--------+--------+--------+-----+--------+

Top non-repeatable levels by time:
     D:6: 1575 daAuts
     D:3: 1557 daAuts
     D:5: 994 daAuts
     D:7: 835 daAuts
     D:1: 775 daAuts
     D:2: 733 daAuts
     D:4: 535 daAuts
     D:8: 15 daAuts
